 Dungeon Crawl Stone Soup version 0.26.0-10-g1f06aea511 (webtiles) character file.

Game seed: 1843867306710259620

2501 Borgoz the Ducker (level 9, -14/77 HPs)
             Began as a Ghoul Gladiator on Jan 14, 2021.
             Was a Follower of Ashenzari.
             Hit by a silver boomerang thrown by an orc warrior (20 damage)
             ... on level 8 of the Dungeon.
             The game lasted 00:10:25 (9146 turns).

Borgoz the Ducker (Ghoul Gladiator)                 Turns: 9146, Time: 00:10:25

Health: -14/77     AC:  4    Str: 18      XL:     9   Next: 53%
Magic:  8/8        EV: 15    Int:  1 (3)  God:    Ashenzari [*.....]
Gold:   446        SH:  4    Dex: 12 (13) Spells: 8/8 levels left

rFire    . . .     SeeInvis .   w - +1 scimitar
rCold    + + .     Faith    .   p - +0 buckler
rNeg     + + +     Spirit   .   b - +0 leather armour
rPois    ∞         Reflect  .   c - +0 helmet
rElec    .         Harm     .   (no cloak)
rCorr    +         Rampage  .   (no gloves)
Will     .....                  (no boots)
Stlth    +.........             (no amulet)
HPRegen  0.00/turn              q - ring of protection from cold
MPRegen  0.11/turn              h - ring of resist corrosion

@: about to teleport
A: claws 1, cold resistance 1, negative energy resistance 3, inhibited
regeneration, torment resistance, unbreathing
a: Renounce Religion, Curse Item, Scrying


You were on level 8 of the Dungeon.
You worshipped Ashenzari.
Ashenzari was aware of your devotion.
You visited 2 branches of the dungeon, and saw 9 of its levels.

You collected 446 gold pieces.

Inventory:

Hand Weapons
 w - a +1 scimitar (weapon)
Armour
 b - a +0 leather armour (worn)
 c - a +0 helmet (worn)
 p - a +0 buckler (worn)
Jewellery
 h - a ring of resist corrosion (right claw)
 m - a +4 ring of protection
 q - a ring of protection from cold (left claw)
Wands
 l - a wand of paralysis (6)
 n - a wand of acid (5)
 t - a wand of disintegration (7)
 u - a wand of iceblast (17)
Scrolls
 d - a scroll of magic mapping
 g - 4 scrolls of remove curse
 i - a scroll of fog
 j - 4 scrolls of teleportation
Potions
 e - a potion of resistance {unknown}
 f - 2 potions of flight
 k - a potion of brilliance
 r - a potion of curing


   Skills:
 + Level 6.3 Fighting
 * Level 7.7 Long Blades
 - Level 1.7 Throwing
 * Level 7.7 Dodging
 + Level 1.7 Shields


You had 8 spell levels left.
You didn't know any spells.
Your spell library contained the following spells:

 Spells                   Type           Power        Failure   Level
 Magic Dart               Conj           0%           75%         1
 Searing Ray              Conj           0%           86%         2
 Dazzling Flash           Conj/Hex       0%           98%         3
 Fulminant Prism          Conj/Hex       0%           100%        4
 Iskenderun's Mystic Bla  Conj/Tloc      0%           100%        4


Dungeon Overview and Level Annotations

Branches:
Dungeon (8/15)             Temple (1/1) D:5
   Lair: D:8-11

Altars:
Ashenzari
Cheibriados
Dithmenos
Elyvilon
Fedhas
Gozag
Hepliaklqana
Kikubaaqudgha
Makhleb
Nemelex Xobeh
Okawaru
Qazlal
Ru
Sif Muna
Trog
Uskayaw
Vehumet
Wu Jian
Xom
Yredelemnul
Zin
The Shining One

Shops:
D:6 ==(=


Innate Abilities, Weirdness & Mutations

You thrive by killing the living.
You are immune to poison.
You have sharp fingernails.
Your flesh is cold resistant. (rC+)
You are immune to negative energy. (rN+++)
You do not regenerate when monsters are visible.
You are immune to unholy pain and torment.
You can survive without breathing.


Message History

* * * LOW HITPOINT WARNING * * *
It was a potion of mutation.
You feel extremely strange.
Your body decomposes!
You feel dopey.
Your body decomposes!
You feel dopey.
Your body decomposes!
You feel clumsy.
Unknown command.
As you read the scroll of teleportation, it crumbles to dust.
You feel strangely unstable.
The orc warrior hits you with a +0 long sword!
* * * LOW HITPOINT WARNING * * *
The orc warrior throws a silver boomerang.
The silver boomerang hits you.
* * * LOW HITPOINT WARNING * * *
x2 The weapon returns to the orc warrior!
The orc warrior throws a silver boomerang.
The silver boomerang hits you!!
You die...

####$#).#......#....#
#.....####.....'....#
#.##..# ####..#....# #
#..#........#....#
#.##.(#........#....######
#.....#......#............
#..#.#####+###############
#..#.#####....... #..
#....oo..@# #####.#
#.##.####.# #...... # #.#
#.# #.###.# #.# #.# #..<#
#.# #'# #.#.# #.# ...
...#.. #.# ... ### ### #.
...


You could see an orc warrior and an orc wizard.

Vanquished Creatures
  Pikel (D:6)
  Sigmund (D:2)
  A black bear (D:6)
  A sky beast (D:7)
  2 phantoms
  2 ogres
  A centaur (D:5)
  3 lemures (D:6)
  2 bullfrogs
  A scorpion (D:8)
  6 wights
  A howler monkey (D:6)
  5 hounds
  A jelly (D:7)
  3 orc priests
  3 bullfrog skeletons
  A gnoll shaman (D:6)
  2 orc wizards (D:7)
  2 iguanas
  5 worker ants
  3 gnolls (D:6)
  10 adders
  4 white imps
  An ufetubus (D:4)
  An ooze (D:2)
  2 worms
  3 dart slugs
  6 leopard geckos
  14 orcs
  3 bats (D:1)
  6 giant cockroaches
  4 goblins
  9 hobgoblins
  4 jackals (D:4)
  2 kobolds
  2 quokkas
  4 frilled lizards
  3 rats
125 creatures vanquished.

Notes
Turn   | Place    | Note
-------+----------+-------------------------------------------
     0 | D:1      | Borgoz the Ghoul Gladiator began the quest for the Orb.
     0 | D:1      | Reached XP level 1. HP: 17/17 MP: 0/0
    36 | D:1      | Reached XP level 2. HP: 25/25 MP: 1/1
   402 | D:1      | Reached XP level 3. HP: 12/30 MP: 2/2
  1262 | D:2      | Noticed Sigmund
  1275 | D:2      | Killed Sigmund
  1276 | D:2      | Reached XP level 4. HP: 37/38 MP: 3/3
  1276 | D:2      | Reached XP level 5. HP: 44/45 MP: 4/4
  1760 | D:3      | Found a faded altar of an unknown god.
  1825 | D:3      | You fall into a shaft and drop 3 floors!
  1839 | D:6      | Reached XP level 6. HP: 35/51 MP: 5/5
  1929 | D:5      | Entered Level 5 of the Dungeon
  1930 | D:5      | Found a staircase to the Ecumenical Temple.
  1946 | D:5      | Noticed a phantom
  2061 | D:6      | Killed a phantom
  2062 | D:6      | Reached XP level 7. HP: 18/59 MP: 6/6
  2141 | D:6      | Reached skill level 5 in Dodging
  2310 | D:6      | Reached skill level 5 in Long Blades
  3045 | Temple   | Entered the Ecumenical Temple
  3132 | Temple   | Became a worshipper of Ashenzari the Shackled
  3756 | D:4      | Found a white marble altar of Elyvilon.
  3807 | D:4      | Reached XP level 8. HP: 66/67 MP: 7/7
  4088 | D:3      | Reached * piety under Ashenzari
  4595 | D:4      | Reached skill level 5 in Fighting
  5210 | D:5      | Found a shadowy altar of Dithmenos.
  5631 | D:5      | Found a stormy altar of Qazlal.
  5834 | D:6      | Found Usisch's Jewellery Shoppe.
  5914 | D:6      | Found Relan's Jewellery Emporium.
  6240 | D:6      | Noticed Pikel
  6261 | D:6      | Killed Pikel
  6389 | D:6      | Found Fodu Xav's Jewellery Shop.
  6448 | D:6      | Found a sparkling altar of Nemelex Xobeh.
  6448 | D:6      | Found an opulent altar of Gozag.
  6510 | D:6      | Reached XP level 9. HP: 74/75 MP: 8/8
  6848 | D:6      | Found Lelesm's Weapon Shop.
  6965 | D:7      | Found a sacrificial altar of Ru.
  6967 | D:7      | Found a blossoming altar of Fedhas.
  7377 | D:7      | Found a burning altar of Makhleb.
  7810 | D:7      | Reached skill level 1 in Shields
  9146 | D:8      | Hit by a silver boomerang thrown by an orc warrior

Illustrated notes

Levels and vault maps discovered:
D:1:      heliophobic_arrival_ceremonial_halls, layout_rooms, amethyst_killhole
D:2:      layout_loops_corners, uniq_sigmund
D:3:      layout_loops_corners, chequers_ecumenical_altar_grove
D:4:      layout_loops_corners, elyvilon_altar_5
D:5:      layout_loops_ring, nicolae_qazlal_general_emergency,
          minmay_temple_entry_trees, nicolae_dithmenos_shadow_blocks
D:6:      layout_loops_corners, grunt_temple_overflow_opulence, serial_shops,
          shop_fountains, shop, shop, shop, uniq_pikel
D:7:      layout_basic, grunt_temple_overflow_open, lemuel_statue_altar
D:8:      layout_basic
Temple:   lightli_temple_of_artemis

Skill      XL: |  1  2  3  4  5  6  7  8  9 |
---------------+----------------------------+-----
Dodging        | 3 4 5 7 |  7.7
Long Blades    | 3 4 5 7 |  7.7
Fighting       | 3 4 5 6 |  6.3
Shields        | 1 |  1.7
Throwing       | |  1.7

Action                   |  1- 3 |  4- 6 |  7- 9 || total
-------------------------+-------+-------+-------++-------
Melee: Long sword        |    82 |   101 |   317 ||   500
       Scimitar          |       |       |    79 ||    79
Throw: Throwing net      |     2 |     1 |     1 ||     4
Evoke: Wand              |       |       |     1 ||     1
  Use: Scroll            |     3 |     1 |    11 ||    15
       Potion            |       |     3 |    13 ||    16
 Stab: Held in net/web   |       |     1 |       ||     1
       Sleeping          |       |       |     1 ||     1
Armor: Leather armour    |    18 |    17 |    65 ||   100
Dodge: Dodged            |    62 |    61 |   267 ||   390
Block: Buckler           |       |    14 |    55 ||    69
       Rpst.: Long sword |    16 |    17 |    69 ||   102
       Scimitar          |       |       |    16 ||    16
